Map: Acropolis LE

Players

Parkkatz

  • Race: Zerg Zerg
  • League: Platinum
  • Spawn Location: 11:00

UncleRufus - Winner!

  • Race: Terran Terran
  • League: Platinum
  • Spawn Location: 5:00

VOD

Have the link to the VOD?

Description

Time

  • Played on: June 30, 2019, 8:22 a.m.
  • Length: 21:03
Show
View Real Time Build Order
Export as new Build Order

Parkkatz Zerg 

Build Orders: Hatch First 

Get SALT Encoding   

  12  0:01  Drone  
  13  0:13  Overlord  
  13  0:17  Drone  
  14  0:31  Drone x2  
  16  0:35  Drone  
  17  0:55  Hatchery  
  17  0:56  Drone  
  17  1:10  Spawning Pool  
  16  1:12  Drone  
  16  1:15  Drone  
  18  1:19  Drone  
  19  1:26  Extractor  
  19  1:29  Drone  
  19  1:41  Overlord  
  19  1:58  Queen, Zergling x2  
  19  2:01  Zergling x2  
  23  2:06  Queen  
  25  2:09  Drone  
  25  2:14  Drone  
  27  2:18  Drone  
  28  2:32  Metabolic Boost  
  28  2:33  Hatchery  
  27  2:38  Zergling x2  
  27  2:39  Zergling x2  
  29  2:46  Drone x2  
  29  2:47  Drone  
  32  2:52  Overlord  
  31  3:10  Drone, Queen  
  31  3:11  Drone x2  
  35  3:24  Drone x2  
  35  3:26  Overlord x2  
  36  3:36  Roach Warren  
  36  3:39  Evolution Chamber  
  36  3:40  Drone x2  
  36  3:45  Queen  
  38  3:51  Queen  
  38  3:55  Spore Crawler  
  39  4:00  Drone x2  
  39  4:01  Drone  
  39  4:02  Drone  
  43  4:05  Drone  
  44  4:12  Drone x4  
  48  4:23  Queen  
  50  4:27  Extractor  
  50  4:28  Drone  
  50  4:29  Drone x2  
  50  4:30  Drone, Extractor  
  50  4:31  Drone x2  
  53  4:35  Zerg Missile Weapons Level 1  
  54  4:40  Zergling x6  
  57  4:56  Overlord  
  57  4:59  Zergling x2  
  58  5:12  Lair  
  58  5:21  Drone x4  
  60  5:22  Drone x2  
  58  5:44  Spore Crawler, Drone x4  
  58  5:45  Drone  
  58  5:47  Zergling x8  
  66  5:52  Overlord x2  
  66  5:53  Overlord x2  
  66  6:06  Spore Crawler  
  65  6:16  Roach  
  65  6:17  Roach x15  
  97  6:28  Drone  
  97  6:29  Overlord  
  97  6:30  Overlord  
  98  6:33  Glial Reconstitution  
  98  6:44  Zergling x6  
  95  7:09  Roach x3  
  95  7:10  Roach x6  
  113  7:31  Drone  
  113  7:35  Overlord x3  
  113  7:36  Overseer, Overlord  
  113  7:37  Overseer  
  114  7:38  Pneumatized Carapace  
  114  7:58  Roach x2  
  104  7:59  Roach x7  
  112  8:12  Drone  
  111  8:13  Drone x3  
  114  8:31  Roach x3  
  114  8:32  Roach x6  
  132  8:38  Extractor  
  132  8:40  Extractor  
  130  8:44  Extractor  
  125  8:54  Roach  
  110  9:01  Roach  
  110  9:02  Roach x7  
  116  9:06  Drone x2  
  102  9:11  Drone x3  
  102  9:12  Drone x3  
  102  9:26  Hatchery  
  89  9:36  Zergling x18  
  92  9:41  Baneling Nest  
  92  9:43  Zerg Missile Weapons Level 2  
  91  9:47  Drone x2  
  91  9:48  Overlord x2  
  93  9:55  Roach  
  93  9:56  Roach x4  
  97  10:16  Roach  
  97  10:17  Zergling x16  
  97  10:18  Zergling x10, Hydralisk Den  
  100  10:22  Drone  
  100  10:26  Zergling x2  
  92  10:32  Burrow  
  92  10:33  Tunneling Claws  
  92  10:36  Drone x2  
  92  10:40  Drone x3  
  92  10:41  Drone x2  
  99  10:45  Baneling x4  
  99  10:46  Baneling x5  
  99  10:47  Roach x5  
  99  10:48  Roach x3  
  115  10:50  Muscular Augments  
  115  10:54  Queen  
  117  10:59  Roach x4  
  125  11:08  Extractor  
  125  11:09  Drone x4  
  128  11:11  Extractor  
  128  11:12  Ravager x5  
  128  11:13  Ravager x2  
  128  11:16  Zergling x4  
  128  11:17  Zergling x8  
  140  11:21  Infestation Pit  
  140  11:25  Roach x3  
  145  11:26  Roach  
  137  11:40  Roach x6  
  137  11:41  Roach  
  149  11:51  Drone  
  149  11:52  Drone x2  
  152  11:59  Overlord x3  
  152  12:01  Hive  
  152  12:18  Overlord x2  
  152  12:19  Drone x3  
  152  12:20  Drone x3  
  104  12:44  Roach x4  
  98  12:58  Zergling x20  
  91  12:59  Zergling x10  
  91  13:02  Grooved Spines  
  99  13:25  Hydralisk x9  
  99  13:26  Hydralisk x5  
  127  13:31  Zerg Missile Weapons Level 3  
  127  13:34  Evolution Chamber  
  126  13:44  Zergling x2  
  126  13:45  Zergling x16  
  126  13:46  Hatchery  
  134  14:06  Hydralisk x5  
  134  14:07  Hydralisk x7  
  158  14:14  Baneling x3  
  158  14:15  Baneling x3  
  158  14:18  Baneling x3  
  167  14:44  Overseer  
  167  14:48  Centrifical Hooks  
  167  14:53  Zerg Ground Armor Level 1  
  167  14:56  Zergling x2  
  167  14:57  Overlord  
  160  15:21  Swarm Host x2  
  160  15:22  Swarm Host  
  169  15:41  Swarm Host  
  162  15:49  Zergling x2  
  159  15:50  Zergling x24  
  171  15:59  Drone  
  171  16:00  Drone x6  
  172  16:07  Zergling x4  
  172  16:08  Zergling x2  
  98  16:56  Zergling x2  
  98  16:57  Zergling x22  
  106  17:09  Zergling x2  
  106  17:10  Zergling x6  
  106  17:14  Queen  
  112  17:17  Zerg Ground Armor Level 2, Zerg Melee Weapons Level 1  
  112  17:21  Hatchery  
  111  17:31  Zergling x4  
  111  17:32  Zergling x12  
  119  17:42  Queen  
  119  17:44  Drone x4  
  125  18:01  Zergling x18  
  125  18:03  Baneling  
  125  18:04  Baneling x15  
  109  18:35  Zergling x8  
  109  18:36  Zergling x22  
  94  18:51  Zergling x2  
  94  18:52  Zergling x24  
  97  19:01  Zergling x2  
  97  19:02  Zergling x4  
  97  19:05  Zergling x2  
  97  19:06  Zergling x6  
  98  19:17  Zergling x10  
  92  19:19  Adrenal Glands  
  89  19:34  Roach x10  
  89  19:35  Roach x7  
  102  19:47  Roach x5  
  90  20:11  Hydralisk Den  
  60  20:23  Spore Crawler  
  60  20:24  Spore Crawler  
Show
View Real Time Build Order
Export as new Build Order

UncleRufus Terran - Winner!

Build Orders:  

Get SALT Encoding   

  12  0:01  SCV  
  13  0:13  SCV  
  14  0:17  Supply Depot  
  14  0:26  SCV  
  15  0:41  SCV  
  15  0:42  Barracks  
  16  0:54  SCV  
  17  1:00  Refinery  
  17  1:06  SCV  
  18  1:20  SCV  
  19  1:30  Marine  
  20  1:34  Command Center, SCV  
  21  1:47  Bunker  
  21  1:49  Reaper  
  21  1:52  Orbital Command  
  22  2:02  Supply Depot  
  22  2:20  Marine  
  23  2:30  Factory  
  23  2:38  Marine  
  23  2:41  Engineering Bay, SCV  
  25  2:56  Marine  
  26  3:14  Marine  
  26  3:25  Starport, Widow Mine  
  26  3:26  SCV  
  28  3:30  Orbital Command  
  28  3:32  Marine  
  28  3:34  Supply Depot  
  29  3:40  Barracks  
  29  3:41  Barracks  
  29  3:44  Terran Infantry Weapons Level 1  
  29  3:47  SCV  
  30  3:50  Refinery  
  30  4:07  Factory Reactor  
  30  4:13  Marine  
  30  4:15  SCV  
  32  4:27  SCV  
  32  4:31  Marine  
  34  4:35  Supply Depot  
  33  4:48  Marine  
  34  4:53  Medivac, SCV  
  34  4:56  Hellion x2  
  34  4:59  Barracks Tech Lab x2  
  39  5:00  Factory  
  39  5:05  SCV  
  39  5:06  Marine  
  41  5:08  SCV  
  42  5:17  Supply Depot, Command Center, SCV  
  42  5:20  Hellion  
  45  5:24  Hellion  
  45  5:26  Marauder  
  45  5:27  Combat Shield  
  49  5:48  Marine, SCV  
  49  5:49  Marine  
  52  5:50  SCV  
  52  5:53  Marine, Missile Turret  
  54  5:58  Armory  
  54  6:00  SCV  
  55  6:06  Marine, Widow Mine x2  
  55  6:08  Marine  
  55  6:11  SCV  
  62  6:13  Terran Infantry Armor Level 1, SCV  
  62  6:15  Marine  
  64  6:20  Missile Turret, Factory Tech Lab  
  64  6:23  SCV  
  64  6:24  Marine  
  66  6:26  SCV  
  66  6:28  Marine  
  68  6:33  Marine, Hellion  
  68  6:35  SCV  
  72  6:42  Liberator  
  72  6:52  Marine  
  71  6:54  Marauder x2  
  71  6:58  Hellion  
  71  6:59  Hellion x2  
  71  7:01  SCV  
  85  7:11  Refinery  
  85  7:13  Refinery  
  85  7:20  Supply Depot  
  85  7:38  Supply Depot  
  85  7:41  Marine x2  
  85  7:42  Hellion x2, SCV x2  
  85  7:43  Supply Depot  
  93  7:51  Hellion  
  92  7:54  Marauder, SCV  
  92  7:55  Medivac, SCV  
  91  8:01  Marauder  
  91  8:07  Hellion x2  
  91  8:09  Planetary Fortress  
  95  8:15  Marauder  
  97  8:22  Marauder  
  97  8:27  SCV x2  
  101  8:30  Siege Tank  
  101  8:31  Hellion x2  
  108  8:50  Marauder  
  108  8:51  Marauder  
  108  8:52  Hellion  
  90  9:03  Widow Mine  
  82  9:11  Marauder  
  82  9:13  Marauder  
  86  9:20  SCV  
  88  9:24  SCV  
  88  9:25  Barracks x2  
  88  9:32  SCV  
  88  9:36  SCV  
  90  9:45  SCV  
  91  9:46  Marauder x2  
  91  9:48  SCV  
  91  9:49  Barracks, SCV  
  91  9:50  Barracks  
  97  9:54  Barracks  
  97  9:57  SCV  
  95  10:00  SCV  
  95  10:01  SCV  
  95  10:05  Stimpack, Concussive Shells  
  96  10:07  Marauder x2  
  95  10:23  Hellion x3  
  95  10:24  Marine  
  100  10:28  Marine, Marauder  
  100  10:33  SCV  
  100  10:34  Bunker  
  102  10:41  Marine, SCV  
  104  10:44  SCV  
  104  10:46  Hellion x2  
  104  10:47  Missile Turret  
  109  11:46  Marauder  
  109  11:59  Supply Depot x2  
  109  12:00  Supply Depot, Barracks Tech Lab x2  
  109  12:02  Supply Depot, SCV  
  109  12:03  Terran Vehicle Weapons Level 1  
  109  12:15  Bunker  
  109  12:20  Factory, Hellbat x2, Medivac, Widow Mine, SCV x3  
  109  12:21  Refinery, Marauder x2  
  109  12:22  Factory  
  124  12:23  Refinery  
  121  12:32  SCV x3  
  98  12:51  Marine x3  
  95  12:52  Marauder x2  
  95  12:54  Terran Infantry Weapons Level 2  
  92  13:09  Marine x2, Hellion x2  
  92  13:10  Marauder  
  92  13:11  Siege Tank  
  92  13:12  Medivac  
  105  13:13  Marine  
  105  13:14  Marauder  
  108  13:26  Marine  
  109  13:27  Marauder  
  109  13:30  Marine  
  109  13:32  Marauder  
  114  13:35  Marine, Factory Tech Lab  
  114  13:36  Factory Tech Lab  
  114  13:37  Hellion x2  
  119  13:43  Command Center  
  119  13:44  Marine  
  119  13:47  Sensor Tower  
  120  13:48  Marine, Marauder  
  120  13:50  Refinery  
  120  13:51  Refinery  
  120  13:53  Marine, Marauder  
  126  14:02  Marine  
  127  14:07  Marauder  
  127  14:08  Widow Mine  
  127  14:09  Siege Tank x2  
  131  14:10  Hellion x2, Marauder  
  131  14:11  Marine  
  131  14:15  Marauder  
  138  14:20  Marine  
  137  14:26  SCV x2  
  137  14:27  SCV  
  137  14:28  Marauder  
  141  14:49  Marine, Siege Tank  
  141  14:50  Marine x2, Siege Tank x2, Marauder x2  
  157  14:55  Missile Turret  
  157  15:02  Command Center  
  157  15:14  Starport Reactor  
  157  15:18  Marine, Marauder  
  157  15:19  Marauder  
  157  15:25  Marine  
  156  15:36  Marauder  
  157  15:43  Marauder  
  157  15:44  Widow Mine  
  157  16:03  Marine  
  157  16:06  Marine x2  
  157  16:09  Marauder  
  156  16:12  Marauder  
  157  16:21  Siege Tank x2  
  157  16:22  Marauder  
  157  16:27  Marine  
  157  16:29  Marauder, Medivac  
  157  16:30  Medivac  
  157  16:33  Marine, Marauder  
  145  16:43  Marauder  
  145  16:45  Marine  
  124  16:49  Marine  
  124  16:52  Marauder  
  118  16:54  Liberator, Marine  
  118  16:59  Medivac  
  94  17:03  Marine  
  94  17:04  Marine  
  94  17:08  Marauder  
  95  17:12  Liberator  
  95  17:13  Marine, Marauder  
  98  17:18  Siege Tank x3  
  98  17:21  Marine, Command Center  
  110  17:22  Marauder  
  110  17:29  Marauder  
  115  17:30  Marine, SCV x2  
  115  17:31  SCV  
  115  17:34  Marauder  
  120  17:39  Marine  
  123  17:44  Marauder  
  123  17:46  SCV  
  123  17:47  SCV  
  123  17:48  Marine  
  123  17:51  Marauder  
  128  17:55  Marine  
  128  17:56  Marine  
  130  18:05  Liberator x2, Marauder  
  132  18:07  Marauder  
  132  18:11  Marine  
  135  18:13  Marauder  
  137  18:20  Marine  
  137  18:26  Marine  
  145  18:27  Marine  
  145  18:29  Marine  
  132  18:34  Marine  
  133  18:46  Marine x3  
  133  18:47  Liberator, Marine  
  129  18:52  Marine  
  129  18:58  Hellion  
  129  18:59  Hellion x4  
  139  19:04  Marine x3  
  139  19:05  Marauder  
  147  19:10  Marine  
  147  19:21  Marine  
  147  19:22  Marine, Marauder  
  150  19:26  Marine  
  150  19:27  Marine  
  152  19:39  Marine  
  152  19:40  Marine  
  152  19:43  Marine  
  152  19:44  Marine  
  152  19:45  Marine  
  157  19:57  Marine  
  157  19:58  Marine  
  149  20:01  Marine  
  149  20:02  Marine  
  149  20:03  Marine  
  141  20:15  Marine x2  
  141  20:19  Marine  
  144  20:24  Siege Tank  
  140  20:32  Marine  
  136  20:37  Marine x2  
  139  20:51  Refinery  
Tags
 
Matchup
TvZ
Replay Pack
SC2 replays
Spawn Locations
Cross Positions
Add a new tag
Caveats
  • Supply blocks, unpowered buildings, or Contaminate may cause inaccurate times.
  • Supply counts are checked every 10 seconds.